 Dungeon Crawl Stone Soup version 0.19.5 (webtiles) character file.

525805 BabyRage the Unseen (level 25, -15/195 HPs)
             Began as a Naga Necromancer on Mar 19, 2017.
             Was the Champion of Kikubaaqudgha.
             Killed from afar by an ancient lich (45 damage)
             ... with a bolt of acid
             ... on level 5 of the Realm of Zot.
             The game lasted 03:41:38 (49682 turns).

BabyRage the Unseen (Naga Necromancer)             Turns: 49682, Time: 03:41:39

Health: -15/195    AC: 31    Str: 17    XL:     25   Next: 45%
Magic:  16/26      EV: 22    Int: 26    God:    Kikubaaqudgha [******]
Gold:   1315       SH: 17    Dex: 19    Spells: 10 memorised, 5 levels left

rFire  + + .     SeeInvis +     T - +9 dagger (pain)
rCold  + + +     Gourm    .     i - +2 robe {rC+ rF+}
rNeg   . . .     Faith    .     X - +5 shield {AC+3}
rPois  +         Spirit   .     Z - +2 helmet "Caemygen" {rC+ Str+3}
rElec  .         Reflect  .     s - +2 cloak
rCorr  .         Harm     .     v - +2 pair of gloves
MR     +++..     Rnd*Rage +     w - +4 naga barding
Stlth  ++++++++..               a - amulet of Weotaps {rF+ Regen+ Dex+3}
                                I - +5 ring of intelligence
                                x - ring "Caow" {rC+ Str+3 Slay+4 SInv}

@: very slow
A: see invisible, berserk 2, clumsy 1, deformed body, deterioration 1, frail 2,
low mp 3, poison resistance, slowness 2, slow metabolism 1, spit poison 1,
subdued magic 1, constrict 1, sturdy frame 1, AC +8
a: Spit Poison, Receive Corpses, Torment, Renounce Religion
}: 3/15 runes: serpentine, barnacled, slimy


You were on level 5 of the Realm of Zot.
You worshipped Kikubaaqudgha.
Kikubaaqudgha was exalted by your worship.
You were not hungry.

You visited 10 branches of the dungeon, and saw 51 of its levels.

You collected 4893 gold pieces.
You spent 3578 gold pieces at shops.

Inventory:

Hand Weapons
 T - a +9 dagger of pain (weapon)
Armour
 i - a +2 robe of resistance (worn)
 s - a +2 cloak (worn)
 v - a +2 pair of gloves (worn)
 w - a +4 naga barding (worn)
 X - a +5 shield of protection (worn)
 Z - the +2 helmet "Caemygen" (worn) {rC+ Str+3}
   (You bought it in a shop on level 1 of the Vaults)

   It affects your strength (+3).
   It protects you from cold.
Jewellery
 a - the amulet of Weotaps (around neck) {rF+ Regen+ Dex+3}
   (You bought it in a shop on level 2 of the Vaults)

   [amulet of regeneration]

   It affects your dexterity (+3).
   It protects you from fire.
   It increases your rate of regeneration.
 x - the ring "Caow" (left hand) {rC+ Str+3 Slay+4 SInv}
   (You found it on level 5 of the Pits of Slime)

   [ring of slaying]

   It affects your strength (+3).
   It affects your accuracy and damage with ranged weapons and melee attacks
   (+4).
   It protects you from cold.
   It lets you see invisible.
 I - a +5 ring of intelligence (right hand)
 M - the ring "Imokh" {MR+ EV+2}
   (You found it on level 5 of the Pits of Slime)

   [ring of evasion]

   It affects your evasion (+2).
   It affects your resistance to hostile enchantments.
Wands
 f - a wand of heal wounds (3/9)
 C - a wand of digging (10/24)
 D - a wand of teleportation (4/9)
 L - a wand of heal wounds (0/9)
 Q - a wand of disintegration (15/24)
Scrolls
 l - 24 scrolls of remove curse
 p - 6 scrolls of fear
 t - 6 scrolls of amnesia
 y - a scroll of magic mapping
 z - 6 scrolls of fog
 A - 8 scrolls of recharging
 H - a scroll of teleportation
 S - 4 scrolls of blinking
Potions
 b - 2 potions of berserk rage
 g - 6 potions of agility
 h - 3 potions of resistance
 m - a potion of heal wounds
 n - 2 potions of cancellation
 q - 6 potions of curing
 u - 4 potions of flight
 F - 5 potions of brilliance
 G - 2 potions of ambrosia
 K - 4 potions of haste
 P - 3 potions of magic
 R - a potion of might
Comestibles
 d - 13 beef jerkies
 E - 16 meat rations
 O - 10 royal jellies
 U - 5 slices of pizza


   Skills:
 - Level 18.1 Fighting
 - Level 10.0 Short Blades
 - Level 17.6 Dodging
 - Level 20.0 Stealth
 - Level 9.0 Shields
 - Level 10.5 Spellcasting
 - Level 10.0 Conjurations
 - Level 15.2 Necromancy
 - Level 10.1 Ice Magic
 + Level 16.5 Earth Magic


You had 5 spell levels left.
You knew the following spells:

 Your Spells              Type           Power        Failure   Level  Hunger
a - Death Channel         Necr           ######....   1%          6    #####..
b - Animate Skeleton      Necr           N/A          0%          1    None
c - Simulacrum            Ice/Necr       ######....   3%          6    #####..
d - Animate Dead          Necr           N/A          1%          4    None
e - Corpse Rot            Necr           N/A          0%          2    None
f - Mephitic Cloud        Conj/Pois/Air  ###.....     3%          3    None
g - Dispel Undead         Necr           ######..     1%          5    ####...
h - Bolt of Draining      Conj/Necr      ######....   1%          5    ####...
i - Repel Missiles        Chrm/Air       ##....       8%          2    None
j - Iron Shot             Conj/Erth      ######....   2%          6    #####..


Dungeon Overview and Level Annotations

Branches:
Dungeon (15/15)            Temple (1/1) D:5            Lair (6/6) D:11
 Shoals (4/4) Lair:3        Snake (4/4) Lair:3        Slime (5/5) Lair:6
    Orc (2/2) D:11            Elf (0/3) Orc:2        Vaults (4/5) D:13
  Crypt (0/3) Vaults:3     Depths (5/5) D:15            Zot (5/5) Depths:5

Altars:
Ashenzari
Cheibriados
Dithmenos
Elyvilon
Fedhas
Gozag
Hepliaklqana
Kikubaaqudgha
Makhleb
Nemelex Xobeh
Okawaru
Qazlal
Ru
Sif Muna
Trog
Uskayaw
Vehumet
Xom
Yredelemnul
Zin
The Shining One
Beogh
Jiyva
Lugonu

Shops:
D:4 %   Orc:2 (:*:   Snake:2 :   Snake:3 :   Vaults:1 [   Vaults:2 [![=
Vaults:3 *(   Depths:1 (

Portals:
Hell: Depths:1 Depths:3 Depths:4 Depths:5
Abyss: Depths:4 Depths:5
Pandemonium: Depths:1 Depths:3
Ziggurat: Depths:4
Trove: D:13 (give 3 potions of cure mutation)

Annotations:
Lair:1 exclusion: oklob plant
Shoals:4 Ilsuiw
Snake:4 exclusion: Roxanne, Roxanne
Depths:1 exclusion: orange crystal statue
Depths:3 exclusion: 2 upstairs
Zot:5 exclusions: obsidian statue and upstairs


Innate Abilities, Weirdness & Mutations

You cannot wear boots.
Your serpentine skin is tough. (AC +8)
You have supernaturally acute eyesight. (SInv)
Armour fits poorly on your strangely shaped body.
Your system is resistant to poisons. (rPois)
You cover ground very slowly.
You have a slow metabolism.
You can spit poison.
You can use your snake-like lower body to constrict enemies.
You often lose your temper in combat.
You are clumsy. (Dex -2)
Your body sometimes deteriorates upon taking damage.
You are very frail. (-20% HP)
Your magical capacity is extremely low. (-30% MP)
Your spells are a little easier to cast, but a little less powerful.
Your movements are slightly less encumbered by armour. (ER -2)


Message History

The bolt of acid hits you!
* * * LOW HITPOINT WARNING * * *
You are splashed with acid!
The acid burns!
* * * LOW HITPOINT WARNING * * *
Your golden dragon zombie bites the ancient lich but does no damage.
Your golden dragon zombie claws the ancient lich!
Your golden dragon zombie tramples the ancient lich but does no damage.
Casting: Animate Dead
Confirm with . or Enter, or press ? or * to list all spells.
Aiming: Dispel Undead
Press: ? - help, Shift-Dir - straight line, f - ancient lich
Aim: an ancient lich (lightly damaged, fast)
The ancient lich convulses!
Your golden dragon zombie bites the ancient lich!
Your golden dragon zombie completely misses the ancient lich.
Your golden dragon zombie tramples the ancient lich!
The ancient lich points at you and mumbles some strange words.
The bolt of acid hits you!
You die...
Kikubaaqudgha rasps: "You have failed me!
Welcome... death!"

####....##...# #........#####
#........# *****
########.######## *** ....##
#...............# **,, .....##
*#.....^....^..## **,,, ......##
#....Z........# **,,,, ..^....#
##....L......## *,,,,, .......#
#....@...^..# #..... .......#
##...........## #..... .......#
#.^...........# #..... .......#
##.............## #.....
...))..###..........^..^.###.....
...)..###...###########...###....
.....##.)..## ##...)##...
.........### ###.......
▓▓▓▓▓▓▓▓▓# #▓▓▓▓▓▓#


You could see an ancient lich and a friendly golden dragon zombie.

Vanquished Creatures
  the Royal Jelly (Slime:5)
  An orb of fire (Zot:5)
  A juggernaut (Depths:4)
  3 ancient liches
  2 Killer Klowns (Zot:5)
  A caustic shrike (Depths:3)
  Margery (Depths:4)
  Bai Suzhen (Snake:4)
  A golden dragon (Zot:3)
  2 bone dragons (Depths:5)
  An electric golem (Zot:5)
  4 tentacled monstrosities
  10 Orb Guardians (Zot:5)
  A titan (Depths:3)
  3 liches (Depths:4)
  16 acid blobs
  3 quicksilver dragons
  The ghost of sinus the Executioner, an adept MiBe of Trog (Shoals:2)
  Gastronok (Orc:1)
  2 death cobs
  A sphinx (Depths:4)
  5 storm dragons
  2 shadow dragons
  A tengu reaver (Depths:1)
  Kirke (D:13)
  7 nagarajas (Snake:4)
  7 fire giants
  7 azure jellies
  Louise (Shoals:1)
  3 ghost moths
  A draconian knight (Zot:3)
  A curse skull (Vaults:3)
  7 vault wardens
  A draconian zealot (Zot:3)
  A draconian annihilator (Zot:5)
  11 frost giants
  A draconian scorcher (Zot:2)
  3 spriggan defenders
  7 ironheart preservers
  11 stone giants
  A draconian caller (Depths:5)
  An entropy weaver (Vaults:3)
  A vampire knight (Depths:3)
  3 war gargoyles
  10 very ugly things
  A deep elf demonologist (Vaults:4)
  3 mottled draconians
  A black draconian (Zot:3)
  5 white draconians
  A green draconian (Depths:5)
  8 spark wasps
  Azrael (Snake:3)
  3 yellow draconians (Depths:5)
  The ghost of BugsBunnySan the Eviscerator, a journeyman FeBe of Trog (Shoals:2)
  2 red draconians
  2 purple draconians
  3 merfolk javelineers
  4 ettins
  5 merfolk impalers
  8 death oozes
  Josephine (Shoals:1)
  8 great orbs of eyes
  7 fire dragons
  11 yaktaur captains
  6 hydras
  A vault guard (Vaults:3)
  9 naga warriors
  3 merfolk aquamancers
  A catoblepas (Lair:6)
  6 rakshasas
  2 merfolk avatars
  3 spriggan air magi
  Erica (Orc:1)
  4 ice dragons
  10 centaur warriors
  6 anacondas
  10 ogre magi
  2 death knights
  The ghost of magipi the Carver, a journeyman DEBe of Trog (Orc:2)
  A death yak (shapeshifter) (Vaults:3)
  6 tengu warriors
  6 deep troll shamans
  9 deep troll earth magi
  A vampire mage (Depths:5)
  Urug (D:10)
  4 spriggan berserkers
  11 naga sharpshooters
  5 shock serpents
  3 death yaks (Lair:6)
  3 spriggans (Depths:5)
  4 hell knights (Depths:4)
  4 deep elf knights (Vaults:4)
  An orc high priest (Orc:2)
  5 skeletal warriors
  A fire crab (shapeshifter) (D:15)
  4 salamander mystics
  3 iron trolls
  A shadow wraith (Vaults:3)
  4 unseen horrors
  6 wizards
  2 glowing orange brains
  5 hill giants
  8 sea snakes
  Pikel (D:4)
  16 deep trolls
  6 ironbrand convokers
  4 flayed ghosts
  5 naga ritualists
  18 orc knights
  4 deep elf archers
  9 harpies
  A harpy (shapeshifter) (Depths:1)
  4 necromancers
  24 ugly things
  12 deep elf magi
  5 wolf spiders
  9 mana vipers
  An orb spider (shapeshifter) (Vaults:3)
  5 orc sorcerers
  A shining eye (shapeshifter) (Depths:2)
  8 cyclopes
  5 shining eyes
  12 salamanders
  5 fauns
  5 manticores
  55 slime creatures
  10 moths of wrath
  A rust devil (Depths:3)
  6 elephants
  11 vault sentinels
  2 molten gargoyles (Lair:5)
  5 water nymphs
  2 centaur zombies (D:15)
  5 sirens
  20 naga magi
  29 black mambas
  A frost giant skeleton (Vaults:4)
  A guardian serpent (Snake:2)
  10 spiny frogs
  An eye of devastation (Slime:1)
  3 gargoyles
  4 komodo dragons
  A rime drake (Lair:4)
  31 yaktaurs
  5 freezing wraiths
  3 kobold demonologists (D:14)
  A hellwing (Depths:5)
  A yaktaur (shapeshifter) (Vaults:1)
  6 trolls
  11 merfolk
  8 polar bears (Lair:6)
  4 wind drakes
  8 tengu conjurers
  11 hornets
  A wind drake (shapeshifter) (Depths:3)
  11 two-headed ogres
  A sphinx simulacrum (Vaults:2)
  3 raiju (Lair:6)
  8 snapping turtles
  A meliai zombie (D:15)
  A tengu simulacrum (Vaults:4)
  2 dream sheep (Shoals:3)
  7 blink frogs
  9 hippogriffs
  8 redbacks
  9 air elementals
  A vampire (D:14)
  9 water elementals
  2 shadows
  9 wraiths
  6 wyverns
  Eustachio (D:4)
  2 fire elementals (Snake:3)
  2 hogs (D:13)
  A basilisk (Lair:1)
  A steam dragon (D:15)
  3 yaks (shapeshifter)
  36 yaks
  A human (shapeshifter) (Depths:3)
  2 golden eyes (Slime:5)
  An elf zombie (Vaults:4)
  A hungry ghost (D:15)
  A mottled dragon (shapeshifter) (Vaults:2)
  5 mottled dragons
  Edmund (D:3)
  9 wargs
  38 nagas
  A warg (shapeshifter) (Vaults:1)
  A soldier ant (shapeshifter) (Vaults:1)
  Duvessa (D:5)
  7 hell hounds
  12 porcupines
  8 water moccasins
  41 orc warriors
  2 slaves (D:4)
  A hornet zombie (D:14)
  2 ice beasts
  12 black bears
  A phantom (D:9)
  2 sky beasts
  31 ogres
  A necrophage (D:13)
  5 eyes of draining
  13 wolves (Lair:6)
  22 boggarts
  6 crocodiles
  20 centaurs
  2 big kobolds (D:14)
  10 bullfrogs
  A water moccasin zombie (D:10)
  A gnoll sergeant (D:7)
  A human skeleton (Vaults:4)
  5 earth elementals (Depths:2)
  A wyvern skeleton (D:10)
  Dowan (D:5)
  10 killer bees
  8 wights
  10 electric eels
  4 howler monkeys
  7 crimson imps
  3 quasits
  5 lava snakes (Lair:5)
  A bullfrog zombie (D:10)
  17 hounds
  17 orc priests
  A jelly (D:5)
  4 centaur skeletons
  4 iguanas
  Natasha (D:4)
  23 orc wizards
  12 worker ants
  Terence (D:2)
  A hound zombie (D:10)
  3 hound skeletons
  Robin (D:4)
  9 gnolls
  2 worker ant zombies
  17 adders
  3 shadow imps
  3 oozes
  An adder skeleton (D:8)
  An adder zombie (D:5)
  6 worms
  A dart slug (D:4)
  6 leopard geckos
  69 orcs
  8 giant cockroaches
  13 goblins
  8 hobgoblins
  11 jackals
  3 quokkas
  8 bats
  7 frilled lizards
  A jackal zombie (D:4)
  6 kobolds
  11 rats
1536 creatures vanquished.

Vanquished Creatures (collateral kills)
  2 orbs of fire (Zot:5)
  Mara (Depths:3)
  2 ancient liches (Zot:5)
  2 golden dragons
  2 tentacled monstrosities
  Rupert (Lair:6)
  An Orb Guardian (Zot:5)
  A quicksilver dragon (Zot:5)
  4 acid blobs (Slime:5)
  A sphinx (Depths:4)
  A tengu reaver (Depths:3)
  A kraken (Shoals:4)
  A shadow dragon (Depths:5)
  2 nagarajas
  A deep elf sorcerer (Vaults:4)
  An azure jelly (Slime:5)
  2 frost giants
  A draconian scorcher (Zot:3)
  2 stone giants
  A reaper (Depths:5)
  An ironheart preserver (Vaults:1)
  A spriggan defender (Depths:4)
  2 vampire knights
  A very ugly thing (Vaults:4)
  A draconian caller (Depths:5)
  A yellow draconian (Zot:5)
  A spark wasp (Depths:3)
  A purple draconian (Depths:5)
  A merfolk javelineer (Shoals:4)
  A fire dragon (Depths:5)
  3 ettins
  2 death oozes (Slime:5)
  A merfolk impaler (Shoals:3)
  2 hydras
  A yaktaur captain (Depths:3)
  2 great orbs of eyes
  Fannar (Lair:1)
  An ice dragon (Depths:4)
  A spriggan air mage (Depths:3)
  4 naga warriors
  2 merfolk avatars
  A rakshasa (Vaults:3)
  An anaconda (Snake:2)
  2 alligator snapping turtles
  A merfolk aquamancer (Shoals:2)
  2 deep troll shamans
  An ogre mage (Vaults:1)
  2 deep troll earth magi (Depths:5)
  A vampire mage (Depths:5)
  3 death yaks (Lair:6)
  A shock serpent (Snake:4)
  3 tengu warriors
  3 naga sharpshooters
  A deep elf knight (Vaults:1)
  5 hell knights (Depths:4)
  A skeletal warrior (Vaults:3)
  A slime creature (Vaults:3)
  An iron troll (Depths:3)
  6 deep trolls
  5 sea snakes
  A wizard (Vaults:1)
  5 naga ritualists (Snake:4)
  An ironbrand convoker (Vaults:3)
  2 hill giants
  2 deep elf archers
  12 harpies
  A necromancer (Depths:4)
  2 mana vipers
  An ugly thing (Depths:1)
  2 orc sorcerers
  5 manticores
  3 fauns (Shoals:3)
  7 deep elf magi
  A sphinx skeleton (Vaults:4)
  3 salamanders
  An elephant (Lair:3)
  3 cyclopes
  3 moths of wrath
  8 black mambas
  3 sirens
  2 water nymphs
  2 guardian serpents
  Maurice (Orc:1)
  A smoke demon (Depths:5)
  A centaur zombie (D:10)
  9 naga magi
  3 spiny frogs (Lair:6)
  An efreet (D:13)
  3 komodo dragons
  A centaur skeleton (D:14)
  A rime drake (Lair:6)
  12 yaktaurs
  2 freezing wraiths
  2 tengu conjurers
  6 merfolk
  2 red devils (Depths:5)
  3 wind drakes
  A hornet (Lair:6)
  3 two-headed ogres
  2 polar bears (Lair:6)
  A troll (Orc:2)
  2 blink frogs
  A blink frog (shapeshifter) (Depths:3)
  A snapping turtle (Shoals:4)
  2 dream sheep (Shoals:3)
  4 hippogriffs
  A shadow (D:15)
  2 redbacks
  A wraith (Shoals:1)
  3 wyverns (Lair:6)
  A fire elemental (Snake:3)
  4 water elementals
  A hog (shapeshifter) (Depths:1)
  8 yaks
  A basilisk (Lair:6)
  5 wargs
  12 nagas
  5 water moccasins
  A floating eye (Depths:4)
  2 porcupines
  A sky beast (D:7)
  3 hell hounds
  2 ice beasts
  An elf zombie (Vaults:4)
  2 boggarts (Depths:3)
  An eye of draining (Slime:5)
  9 orc warriors
  3 black bears (Lair:6)
  12 ogres
  A phantom (D:6)
  3 wolves (Lair:6)
  3 centaurs
  6 crocodiles
  A bullfrog (D:7)
  2 killer bees (D:9)
  A howler monkey (D:14)
  A bullfrog zombie (D:5)
  A crimson imp (D:9)
  3 orc priests
  3 hounds
  A jelly (D:7)
  3 orc wizards
  2 worker ants
  A killer bee zombie (D:7)
  A gnoll (D:7)
  2 adders (Lair:6)
  A river rat (Lair:6)
  A shadow imp (D:14)
  A worm (D:4)
  31 orcs
  A bat (D:1)
  3 goblins (D:4)
  A quokka (D:8)
  A frilled lizard (D:2)
  A quokka skeleton (D:4)
  4 fungi
  16 plants
414 creatures vanquished.

Vanquished Creatures (others)
  A black draconian (Depths:5)
  A fire dragon (D:15)
  An anaconda (Snake:3)
  A naga sharpshooter (Snake:1)
  An unseen horror (shapeshifter) (Vaults:3)
  A cyclops (Orc:1)
  An ugly thing (Depths:1)
  A stone giant skeleton (Vaults:4)
  A redback (Vaults:3)
  A warg (Orc:1)
  2 orc warriors (Orc:2)
  A tengu (shapeshifter) (Vaults:4)
  A boggart (Depths:3)
  2 orcs (Orc:2)
  A bush (Lair:6)
  18 fungi (Lair:6)
  34 plants
  A tentacle (Shoals:4)
70 creatures vanquished.

Grand Total: 2020 creatures vanquished

Notes
Turn   | Place    | Note
-------+----------+-------------------------------------------
     0 | D:1      | BabyRage the Naga Necromancer began the quest for the Orb.
     0 | D:1      | Reached XP level 1. HP: 15/15 MP: 3/3
    48 | D:1      | Learned a level 1 spell: Animate Skeleton
   211 | D:1      | Reached XP level 2. HP: 20/22 MP: 0/5
   609 | D:1      | Reached XP level 3. HP: 3/28 MP: 0/6
  1077 | D:2      | Noticed Terence
  1091 | D:2      | Killed Terence
  1091 | D:2      | Reached skill level 1 in Short Blades
  1091 | D:2      | Reached XP level 4. HP: 14/36 MP: 5/8
  1705 | D:2      | Found a stormy altar of Qazlal.
  1859 | D:2      | Found a hazy altar of Hepliaklqana.
  1875 | D:2      | Found a radiant altar of Vehumet.
  1879 | D:2      | Found a snail-covered altar of Cheibriados.
  1880 | D:2      | Found a shadowy altar of Dithmenos.
  2111 | D:2      | Gained mutation: You can exhale a cloud of poison. [potion of beneficial mutation]
  2164 | D:3      | Found a burning altar of Makhleb.
  2265 | D:3      | Learned a level 3 spell: Vampiric Draining
  2270 | D:3      | Learned a level 4 spell: Animate Dead
  2395 | D:3      | Reached XP level 5. HP: 39/42 MP: 7/9
  2473 | D:3      | Found a deep blue altar of Sif Muna.
  2557 | D:3      | Reached skill level 5 in Necromancy
  2708 | D:4      | Noticed Edmund
  2738 | D:3      | Killed Edmund
  2738 | D:3      | Reached XP level 6. HP: 23/49 MP: 9/11
  3119 | D:4      | Found Lank's Food Shop.
  3123 | D:4      | Found a shattered altar of Ashenzari.
  3326 | D:4      | Noticed a slave
  3328 | D:4      | Noticed Pikel
  3328 | D:4      | Noticed a slave
  3332 | D:4      | Killed a slave
  3333 | D:4      | Killed a slave
  3334 | D:4      | Noticed a slave
  3336 | D:4      | Noticed a slave
  3337 | D:4      | Killed Pikel
  3337 | D:4      | Reached skill level 5 in Spellcasting
  3337 | D:4      | Reached XP level 7. HP: 55/55 MP: 12/14
  3337 | D:4      | Reached XP level 8. HP: 62/62 MP: 12/15
  3345 | D:4      | Found an iron altar of Okawaru.
  3345 | D:4      | Found a hide-covered altar of Uskayaw.
  3346 | D:4      | Found a basalt altar of Yredelemnul.
  3358 | D:4      | Noticed Robin
  3378 | D:4      | Killed Robin
  3495 | D:4      | Noticed Eustachio
  3523 | D:4      | Killed Eustachio
  3523 | D:4      | Reached skill level 5 in Short Blades
  3646 | D:4      | Found an opulent altar of Gozag.
  3745 | D:4      | Found a burning altar of Makhleb.
  3747 | D:4      | Found a glowing silver altar of Zin.
  3747 | D:4      | Noticed an angel
  3747 | D:4      | Noticed a blizzard demon
  3919 | D:4      | Noticed Natasha
  3921 | D:4      | Killed Natasha
  3992 | D:5      | Entered Level 5 of the Dungeon
  4311 | D:5      | Found a staircase to the Ecumenical Temple.
  4350 | D:5      | Noticed Duvessa
  4350 | D:5      | Noticed Dowan
  4360 | D:5      | Killed Dowan
  4361 | D:5      | Killed Duvessa
  4379 | Temple   | Entered the Ecumenical Temple
  4415 | Temple   | Became a worshipper of Kikubaaqudgha
  4523 | D:5      | Reached XP level 9. HP: 56/68 MP: 18/18
  5458 | D:6      | Reached * piety under Kikubaaqudgha
  5458 | D:6      | Identified Kikubaaqudgha's Almanac of Black Rituals (Kikubaaqudgha gifted it to you on level 6 of the Dungeon)
  5458 | D:6      | Received a gift from Kikubaaqudgha
  5463 | D:6      | Learned a level 2 spell: Corpse Rot
  6160 | D:7      | Reached skill level 1 in Fighting
  6554 | D:8      | Reached ** piety under Kikubaaqudgha
  6634 | D:8      | Got a warped robe
  6637 | D:8      | Reached skill level 5 in Dodging
  6637 | D:8      | Reached XP level 10. HP: 91/91 MP: 20/20
  6648 | D:8      | Identified the +4 robe "Ichoamn" {+Blink} (You found it on level 8 of the Dungeon)
  6935 | D:8      | Learned a level 3 spell: Mephitic Cloud
  7050 | D:9      | Reached XP level 11. HP: 86/99 MP: 21/21
  7071 | D:9      | Identified a scroll of acquirement
  7129 | D:9      | Found a sparkling altar of Nemelex Xobeh.
  7760 | D:10     | Entered Level 10 of the Dungeon
  7894 | D:10     | Reached *** piety under Kikubaaqudgha
  7894 | D:10     | Identified Kikubaaqudgha's Volume of Unholy Rituals (Kikubaaqudgha gifted it to you on level 10 of the Dungeon)
  7894 | D:10     | Received a gift from Kikubaaqudgha
  8485 | D:11     | Reached skill level 10 in Short Blades
  8495 | D:11     | Found a staircase to the Orcish Mines.
  8500 | D:11     | Noticed Urug
  8500 | D:11     | Noticed an unseen horror
  8806 | D:10     | Killed Urug
  8806 | D:10     | Reached skill level 1 in Shields
  8823 | D:11     | Killed an unseen horror
  8909 | D:11     | Identified the Disquisition on Damage Dealing
  8920 | D:11     | Learned a level 5 spell: Dispel Undead
  8927 | D:11     | Learned a level 5 spell: Bolt of Draining
  8972 | D:11     | Found a deep blue altar of Sif Muna.
  9025 | D:11     | Found a staircase to the Lair.
  9241 | Lair:1   | Entered Level 1 of the Lair of Beasts
  9345 | Lair:1   | Reached skill level 10 in Necromancy
  9348 | Lair:1   | Reached skill level 1 in Conjurations
  9382 | Lair:1   | Reached **** piety under Kikubaaqudgha
  9494 | Lair:1   | Noticed an oklob plant
  9569 | Lair:1   | Reached XP level 12. HP: 110/110 MP: 22/22
  9620 | Lair:1   | Noticed Fannar
  9635 | Lair:1   | Killed Fannar
 11002 | Lair:3   | Noticed a five-headed hydra
 11009 | Lair:3   | Killed a five-headed hydra
 11021 | Lair:3   | Reached skill level 5 in Conjurations
 11076 | Lair:3   | Found a staircase to the Shoals.
 11160 | Lair:3   | Found a staircase to the Snake Pit.
 13004 | Lair:5   | Gained mutation: You can use your snake-like lower body to constrict enemies. [Naga growth]
 13004 | Lair:5   | Reached XP level 13. HP: 39/121 MP: 23/23
 13929 | Lair:6   | Entered Level 6 of the Lair of Beasts
 14031 | Lair:6   | Found a viscous altar of Jiyva.
 14031 | Lair:6   | Found a staircase to the Slime Pits.
 14095 | Lair:6   | Reached ***** piety under Kikubaaqudgha
 14095 | Lair:6   | Reached skill level 10 in Fighting
 14130 | Lair:6   | Reached skill level 4 in Stealth
 14381 | Lair:6   | Reached skill level 5 in Stealth
 14566 | Lair:6   | Reached skill level 6 in Stealth
 14691 | Lair:6   | Noticed Rupert
 14696 | Lair:6   | Reached skill level 10 in Conjurations
 14698 | Lair:6   | Killed Rupert
 14698 | Lair:6   | Reached skill level 7 in Stealth
 14698 | Lair:6   | Reached XP level 14. HP: 132/132 MP: 4/24
 14729 | Lair:6   | Reached skill level 8 in Stealth
 14903 | Lair:6   | Reached ****** piety under Kikubaaqudgha
 14907 | Lair:6   | Identified the Grimoire of Augmentations and Snow
 15045 | Lair:6   | Reached skill level 9 in Stealth
 15168 | Lair:6   | Learned a level 6 spell: Death Channel
 15603 | Lair:6   | Reached skill level 10 in Dodging
 15603 | Lair:6   | Reached skill level 10 in Stealth
 15787 | Orc:1    | Entered Level 1 of the Orcish Mines
 15789 | Orc:1    | Noticed Erica
 15793 | Orc:1    | Killed Erica
 16070 | Orc:2    | Entered Level 2 of the Orcish Mines
 16339 | Orc:2    | Noticed Maurice
 16352 | Orc:1    | Killed Maurice
 16570 | Orc:1    | Noticed Gastronok
 16589 | Orc:1    | Killed Gastronok
 16881 | Orc:2    | Noticed magipi's ghost (journeyman DEBe)
 16888 | Orc:2    | Killed magipi's ghost
 16916 | Orc:2    | Found a staircase to the Elven Halls.
 17544 | Orc:2    | Found Qeuge's Assorted Antiques.
 17544 | Orc:2    | Found Qucs's Book Shop.
 17546 | Orc:2    | Found Fofira's Weapon Boutique.
 17548 | Orc:2    | Found Jihes's Book Emporium.
 17552 | Orc:2    | Bought a scroll of enchant armour for 150 gold pieces
 17552 | Orc:2    | Bought a tubular brass ring for 100 gold pieces
 17552 | Orc:2    | Bought 2 scrolls labeled LAFOMP JEAGOA for 40 gold pieces
 17680 | Orc:2    | Identified a +4 dagger of pain (a +2 dagger of draining bloodied by Kikubaaqudgha)
 17680 | Orc:2    | Received a gift from Kikubaaqudgha
 18006 | D:12     | Reached XP level 15. HP: 121/140 MP: 27/27
 19113 | D:13     | Found a gate to the Vaults.
 19219 | D:13     | Found a portal to a secret trove of treasure.
 19488 | D:13     | Noticed Kirke
 19495 | D:13     | Killed Kirke
 20207 | D:14     | Found a roughly hewn altar of Beogh.
 20386 | D:15     | Entered Level 15 of the Dungeon
 20577 | D:15     | Found a basalt altar of Yredelemnul.
 20662 | D:15     | Reached skill level 10 in Spellcasting
 20931 | D:15     | Found a staircase to the Depths.
 21412 | D:15     | Learned a level 6 spell: Simulacrum
 21498 | D:11     | Reached XP level 16. HP: 147/147 MP: 30/30
 21583 | Snake:1  | Entered Level 1 of the Snake Pit
 21587 | Snake:1  | Reached skill level 1 in Ice Magic
 21633 | Snake:1  | Got a smoking cloak
 21644 | Snake:1  | Identified the -1 cloak of the Manifold Realms {rN+ MR++} (You acquired it on level 1 of the Snake Pit)
 21854 | Snake:1  | Learned a level 2 spell: Repel Missiles
 22695 | Snake:2  | Reached skill level 5 in Ice Magic
 23072 | Snake:2  | You fall through a shaft!
 23107 | Snake:3  | Noticed a nagaraja
 23277 | Snake:3  | Killed a nagaraja
 23440 | Snake:2  | Found Wuoxzidgh's Book Boutique.
 23442 | Snake:2  | Found a shadowy altar of Dithmenos.
 24363 | Snake:3  | Noticed Azrael
 24380 | Snake:3  | Reached skill level 15 in Necromancy
 24388 | Snake:3  | Killed Azrael
 24686 | Snake:3  | Found Unaor's Book Shop.
 24985 | Snake:4  | Entered Level 4 of the Snake Pit
 25325 | Snake:4  | Noticed a nagaraja
 25355 | Snake:4  | Killed a nagaraja
 25355 | Snake:4  | Reached skill level 11 in Stealth
 25604 | Snake:4  | Noticed Bai Suzhen
 25620 | Snake:4  | Killed Bai Suzhen
 25620 | Snake:4  | Reached XP level 17. HP: 103/154 MP: 7/31
 25860 | Snake:4  | Reached skill level 12 in Stealth
 26204 | Snake:4  | Reached skill level 13 in Stealth
 26574 | Snake:4  | Reached skill level 10 in Ice Magic
 27051 | Snake:4  | Reached skill level 14 in Stealth
 27261 | Snake:4  | Noticed Roxanne
 27680 | Snake:4  | Got a serpentine rune of Zot
 27975 | Shoals:1 | Entered Level 1 of the Shoals
 28042 | Shoals:1 | Noticed Louise
 28056 | Shoals:1 | Killed Louise
 28256 | Shoals:1 | Noticed Josephine
 28270 | Shoals:1 | Killed Josephine
 28281 | Shoals:1 | Reached skill level 15 in Stealth
 28685 | Shoals:2 | Noticed BugsBunnySan's ghost (journeyman FeBe)
 28700 | Shoals:2 | Killed BugsBunnySan's ghost
 28700 | Shoals:2 | Reached XP level 18. HP: 154/165 MP: 21/32
 28775 | Shoals:2 | Noticed sinus's ghost (adept MiBe)
 28781 | Shoals:2 | Killed sinus's ghost
 29175 | Shoals:2 | Reached skill level 5 in Shields
 29477 | Shoals:3 | Got a shimmering cloak
 29488 | Shoals:3 | Identified the -4 cloak of Dogmatism {rCorr} (You found it on level 3 of the Shoals)
 29815 | Shoals:3 | Reached XP level 19. HP: 168/175 MP: 33/33
 30131 | Shoals:4 | Entered Level 4 of the Shoals
 30636 | Shoals:4 | Noticed Ilsuiw
 30958 | Shoals:4 | Got a barnacled rune of Zot
 31207 | Vaults:1 | Entered Level 1 of the Vaults
 31877 | Vaults:1 | Found Meucs's Antique Armour Shoppe.
 31909 | Vaults:1 | Bought a pair of scorched gloves for 418 gold pieces
 31909 | Vaults:1 | Bought a faintly humming robe for 250 gold pieces
 31909 | Vaults:1 | Bought a shimmering helmet for 418 gold pieces
 31919 | Vaults:1 | Identified the +0 pair of gloves of Dawn {Str+4} (You bought it in a shop on level 1 of the Vaults)
 31941 | Vaults:1 | Identified the +2 helmet "Caemygen" {rC+ Str+3} (You bought it in a shop on level 1 of the Vaults)
 31953 | Vaults:1 | Identified the +0 robe of Qazolicue {Str+3} (You bought it in a shop on level 1 of the Vaults)
 31964 | Vaults:1 | Bought a pair of runed gloves for 462 gold pieces
 32250 | Vaults:1 | Got a vibrating bone amulet
 32251 | Vaults:1 | Identified the amulet "Kiynuf" {rPois Regen+} (You found it on level 1 of the Vaults)
 32257 | Vaults:1 | Reached XP level 20. HP: 187/187 MP: 34/34
 32763 | Vaults:2 | Found Redep's Antique Armour Boutique.
 32771 | Vaults:2 | Bought an embroidered cloak for 336 gold pieces
 32771 | Vaults:2 | Bought a fine hat for 288 gold pieces
 32801 | Vaults:2 | Identified the +0 hat "Jeipt" {rF+ rN+ Int+7} (You bought it in a shop on level 2 of the Vaults)
 32819 | Vaults:2 | Found Moaxupan's Distillery.
 32840 | Vaults:2 | Bought a potion of heal wounds for 55 gold pieces
 32840 | Vaults:2 | Bought a potion of heal wounds for 55 gold pieces
 33581 | Vaults:2 | Found Ydwiyri's Armour Emporium.
 33710 | Vaults:2 | Found Pecworeh's Jewellery Emporium.
 34097 | Vaults:3 | You fall through a shaft!
 34515 | Vaults:3 | Found Vaogut Kafu's Assorted Antiques.
 34883 | Vaults:3 | Found a staircase to the Crypt.
 35458 | Vaults:3 | Reached skill level 15 in Fighting
 35509 | Vaults:3 | Found Xicuuden's Weapon Shop.
 35755 | Vaults:3 | Reached XP level 21. HP: 146/201 MP: 17/35
 36554 | Vaults:4 | Reached skill level 15 in Dodging
 37527 | Vaults:2 | Bought the amulet of Weotaps {rF+ Regen+ Dex+3} for 1006 gold pieces
 37595 | Vaults:1 | Reached skill level 16 in Stealth
 38179 | Depths:1 | Entered Level 1 of the Depths
 38216 | Depths:1 | Found a one-way gate leading to the halls of Pandemonium.
 38279 | Depths:1 | Found a gateway to Hell.
 38350 | Depths:1 | Reached skill level 17 in Stealth
 38637 | Depths:1 | Found Qamuhowk's Weapon Shop.
 38646 | Depths:1 | Got a jewelled large shield
 38647 | Depths:1 | Identified the +3 large shield of the Forsaken Demons {rN+} (You found it on level 1 of the Depths)
 38783 | Depths:1 | Reached skill level 18 in Stealth
 39137 | Depths:1 | Reached skill level 19 in Stealth
 39830 | Depths:3 | Reached XP level 22. HP: 167/210 MP: 30/36
 39982 | Depths:3 | Noticed Mara
 39987 | Depths:3 | Noticed BabyRage's illusion
 40015 | Depths:3 | Killed Mara
 40610 | Depths:3 | Reached skill level 20 in Stealth
 40701 | Depths:3 | Noticed a caustic shrike
 40709 | Depths:3 | Killed a caustic shrike
 41222 | Depths:4 | Found a gateway to a ziggurat.
 41321 | Depths:4 | Paralysed by a floating eye for 3 turns
 41330 | Depths:4 | Paralysed by a floating eye for 3 turns
 41363 | Depths:4 | Noticed a golden dragon
 41585 | Depths:4 | Noticed a juggernaut
 41598 | Depths:4 | Killed a juggernaut
 41603 | Depths:4 | Found a one-way gate to the infinite horrors of the Abyss.
 41646 | Depths:4 | Noticed an ancient lich
 41650 | Depths:4 | Killed an ancient lich
 41696 | Depths:4 | Killed a golden dragon
 41977 | Depths:4 | Noticed Margery
 41983 | Depths:4 | Killed Margery
 41990 | Depths:4 | Paralysed by a sphinx for 7 turns
 42192 | Depths:4 | Reached XP level 23. HP: 223/223 MP: 37/37
 42646 | Depths:5 | Entered Level 5 of the Depths
 43774 | Depths:5 | Found a gate to the Realm of Zot.
 44250 | Depths:5 | Got a bloodstained demon blade
 44255 | Depths:5 | Identified the cursed +1 demon blade of Dullness {venom, rPois MR+ SInv} (You found it on level 5 of the Depths)
 44626 | Vaults:1 | Learned a level 6 spell: Iron Shot
 44952 | Lair:6   | Reached skill level 1 in Earth Magic
 44966 | Slime:1  | Entered Level 1 of the Pits of Slime
 45077 | Slime:2  | Gained mutation: Your magical capacity is low. (-10% MP) [a shining eye]
 45097 | Slime:1  | Gained mutation: Your magical capacity is very low. (-20% MP) [a shining eye]
 45194 | Slime:5  | Entered Level 5 of the Pits of Slime
 45260 | Slime:5  | Reached skill level 5 in Earth Magic
 45293 | Slime:5  | Found a viscous altar of Jiyva.
 45296 | Slime:5  | Noticed the Royal Jelly
 45299 | Slime:5  | Killed the Royal Jelly
 45299 | Slime:5  | Reached XP level 24. HP: 236/236 MP: 26/30
 45470 | Slime:3  | Gained mutation: You regenerate slowly when monsters are visible. [a shining eye]
 45471 | Slime:3  | Gained mutation: Your spells are a little easier to cast, but a little less powerful. [a shining eye]
 45472 | Slime:3  | Gained mutation: Your magical capacity is extremely low. (-30% MP) [a shining eye]
 45478 | Slime:3  | Lost mutation: You can exhale a cloud of poison. [potion of cure mutation]
 45478 | Slime:3  | Lost mutation: Your spells are a little easier to cast, but a little less powerful. [potion of cure mutation]
 46336 | Slime:5  | Got a smoking golden ring
 46381 | Slime:5  | Identified Sif Muna's Catalogue of Shifting Lightness
 46390 | Slime:5  | Got a brightly glowing granite ring
 46712 | Slime:5  | Got a slimy rune of Zot
 46736 | Slime:5  | Got a pitted copper ring
 46841 | Lair:6   | Identified the ring of Roamibenk {Ice rN+ MP+9} (You found it on level 5 of the Pits of Slime)
 46842 | Lair:6   | Identified the ring "Caow" {rC+ Str+3 Slay+4 SInv} (You found it on level 5 of the Pits of Slime)
 46843 | Lair:6   | Identified the ring "Imokh" {MR+ EV+2} (You found it on level 5 of the Pits of Slime)
 47209 | Zot:1    | Entered Level 1 of the Realm of Zot
 47256 | Zot:1    | Reached skill level 10 in Earth Magic
 47441 | Zot:1    | Got a smoking ivory ring
 47442 | Zot:1    | Identified the ring "Ximnec" {+Blink rN+} (You acquired it on level 1 of the Realm of Zot)
 48008 | Zot:5    | Entered Level 5 of the Realm of Zot
 48236 | Zot:5    | Noticed an ancient lich
 48254 | Zot:5    | Killed an ancient lich
 48287 | Zot:5    | Noticed an ancient lich
 48300 | Zot:5    | Killed an ancient lich
 48505 | Zot:5    | Noticed an orb of fire
 48562 | Zot:5    | Noticed an orb of fire
 48567 | Zot:5    | Gained mutation: You are frail. (-10% HP) [an orb of fire]
 48571 | Zot:5    | Gained mutation: You tend to lose your temper in combat. [an orb of fire]
 48573 | Zot:5    | Noticed an orb of fire
 48573 | Zot:5    | Gained mutation: Your spells are a little easier to cast, but a little less powerful. [an orb of fire]
 48579 | Zot:5    | Gained mutation: Your body sometimes deteriorates upon taking damage. [an orb of fire]
 48583 | Zot:5    | Gained mutation: You are very frail. (-20% HP) [an orb of fire]
 48584 | Zot:5    | Lost mutation: You regenerate slowly when monsters are visible. [an orb of fire]
 48673 | Zot:5    | Noticed an ancient lich
 48829 | Zot:5    | Noticed an ancient lich
 48833 | Zot:5    | Killed an ancient lich
 48833 | Zot:5    | Reached XP level 25. HP: 151/195 MP: 6/26
 48862 | Zot:5    | Noticed an ancient lich
 48876 | Zot:5    | Noticed an ancient lich
 49113 | Zot:5    | Noticed a Killer Klown
 49138 | Zot:5    | Killed a Killer Klown
 49207 | Zot:5    | Killed an ancient lich
 49207 | Zot:5    | Reached skill level 15 in Earth Magic
 49330 | Zot:5    | Noticed an orb of fire
 49334 | Zot:5    | Killed an orb of fire
 49337 | Zot:5    | Gained mutation: You often lose your temper in combat. [an orb of fire]
 49353 | Zot:5    | Killed an orb of fire
 49525 | Zot:5    | Noticed a Killer Klown
 49563 | Zot:5    | Gained mutation: You are clumsy. (Dex -2) [an orb of fire]
 49579 | Zot:5    | Gained mutation: Your movements are slightly less encumbered by armour. (ER -2) [an orb of fire]
 49586 | Zot:5    | Killed an orb of fire
 49659 | Zot:5    | Killed a Killer Klown
 49682 | Zot:5    | Killed from afar by an ancient lich

Skill      XL: |  1  2  3  4  5  6  7  8  9 10 11 12 13 14 15 16 17 18 19 20 21 22 23 24 25 |
---------------+----------------------------------------------------------------------------+-----
Short Blades   | 1 2 4 6 9 10 | 10.0
Spellcasting   | 3 5 6 7 8 10 | 10.5
Necromancy     | 5 6 7 8 9 10 11 13 15 | 15.2
Fighting       | 6 8 9 10 11 12 13 15 16 18 | 18.1
Dodging        | 5 6 8 9 10 11 12 14 15 16 17 | 17.6
Shields        | 2 3 4 7 8 9 |  9.0
Conjurations   | 2 7 10 | 10.0
Stealth        | 7 10 11 15 19 20 | 20.0
Ice Magic      | 8 10 | 10.1
Earth Magic    | 7 14 16 | 16.5

Action                   |  1- 3 |  4- 6 |  7- 9 | 10-12 | 13-15 | 16-18 | 19-21 | 22-24 | 25-27 || total
-------------------------+-------+-------+-------+-------+-------+-------+-------+-------+-------++-------
Melee: Unarmed           |     2 |       |       |       |       |       |       |       |       ||     2
       Dagger            |    26 |   114 |    68 |       |   506 |   967 |  1700 |  1632 |   205 ||  5218
       Falchion          |       |       |   146 |   555 |   650 |       |       |       |       ||  1351
       Constrict         |       |       |       |       |   254 |   168 |   220 |   123 |    11 ||   776
 Cast: Pain              |    33 |    51 |     7 |       |       |       |       |       |       ||    91
       Animate Skeleton  |     5 |    27 |    25 |    42 |    35 |    26 |    37 |    13 |       ||   210
       Vampiric Draining |       |     2 |     7 |       |       |       |       |       |       ||     9
       Animate Dead      |       |       |     1 |    11 |    50 |    17 |    19 |    23 |     7 ||   128
       Bolt of Draining  |       |       |       |     3 |    62 |    53 |    42 |    28 |       ||   188
       Corpse Rot        |       |       |       |     1 |    11 |     1 |       |       |       ||    13
       Mephitic Cloud    |       |       |       |     1 |    10 |       |       |       |       ||    11
       Dispel Undead     |       |       |       |       |    16 |    14 |    29 |    43 |     4 ||   106
       Death Channel     |       |       |       |       |     3 |    15 |    25 |    17 |       ||    60
       Repel Missiles    |       |       |       |       |       |     9 |     5 |    10 |       ||    24
       Simulacrum        |       |       |       |       |       |    32 |    21 |    13 |       ||    66
       Iron Shot         |       |       |       |       |       |       |       |     3 |     1 ||     4
Invok: Receive Corpses   |       |       |       |     3 |     2 |     1 |     3 |     7 |     6 ||    22
       Brand Weapon With |       |       |       |       |     1 |       |       |       |       ||     1
 Abil: Spit Poison       |    11 |     8 |       |       |       |       |       |       |       ||    19
       Breathe Poison Ga |       |    13 |    16 |    35 |    49 |     7 |    16 |     4 |       ||   140
Evoke: Wand              |       |       |     5 |       |     2 |     4 |       |     4 |     6 ||    21
  Use: Scroll            |     3 |     9 |     8 |     8 |    16 |    14 |    16 |    19 |     3 ||    96
       Potion            |       |     1 |     1 |     4 |     2 |     4 |     2 |    10 |    12 ||    36
 Stab: Sleeping          |       |     5 |     7 |     5 |    16 |    27 |    65 |    52 |       ||   177
       Distracted        |       |     2 |     4 |     8 |    15 |    13 |    22 |    33 |     3 ||   100
       Confused          |       |       |       |     1 |     9 |       |       |       |       ||    10
       Petrified         |       |       |       |       |    10 |       |       |       |       ||    10
  Eat: Chunk             |       |    10 |     8 |    18 |    44 |    19 |    35 |    17 |       ||   151
       Meat ration       |       |       |     1 |       |       |       |       |       |     1 ||     2
       Bread ration      |       |       |       |     3 |     1 |     6 |     5 |     7 |       ||    22
       Pizza             |       |       |       |       |     2 |       |       |       |       ||     2
       Royal jelly       |       |       |       |       |     1 |     2 |       |       |       ||     3
       Fruit             |       |       |       |       |     1 |     1 |       |     1 |       ||     3
       Beef jerky        |       |       |       |       |       |       |       |       |     1 ||     1
Armor: Robe              |     7 |    65 |   102 |   172 |   304 |   185 |   191 |   336 |    45 ||  1407
       Skin              |       |       |       |     2 |       |       |       |       |       ||     2
Dodge: Dodged            |    27 |    64 |   124 |   296 |   695 |   353 |   514 |   654 |    79 ||  2806
       Deflected         |       |       |       |       |       |    31 |    22 |    29 |       ||    82
Block: Buckler           |       |       |       |   176 |   458 |   179 |       |       |       ||   813
       Reflection        |       |       |       |     4 |    49 |    38 |       |       |       ||    91
       Shield            |       |       |       |       |       |   163 |   845 |   790 |    86 ||  1884
       Rpst.: Falchion   |       |       |    32 |   102 |   109 |       |       |       |       ||   243
